 Dungeon Crawl Stone Soup version 0.21.1 (webtiles) character file.

25881 pk666 the Severer (level 12, -4/115 HPs)
             Began as a Minotaur Berserker on Feb 4, 2018.
             Was a High Priest of Trog.
             Slain by an orc knight
             ... wielding a +0 broad axe of distortion
              (16 damage)
             ... on level 1 of the Orcish Mines.
             The game lasted 00:47:08 (15294 turns).

pk666 the Severer (Minotaur Berserker)             Turns: 15294, Time: 00:47:08

Health: -4/115     AC: 22    Str: 30    XL:     12   Next: 93%
Magic:  3/3        EV: 11    Int:  4    God:    Trog [*****.]
Gold:   1303       SH:  0    Dex: 10    Spells: 11/11 levels left

rFire    + . .     SeeInvis .   S - +2 executioner's axe (antimagic)
rCold    . . .     Gourm    .   (shield currently unavailable)
rNeg     . . .     Faith    .   N - +0 plate armour
rPois    +         Spirit   .   (helmet restricted)
rElec    .         Reflect  .   D - +0 cloak
rCorr    .         Harm     +   x - +0 pair of gloves {Str+3}
MR       .....                  s - +2 pair of boots
Stlth    ..........             w - amulet of harm
HPRegen  0.29/turn              a - ring of poison resistance
MPRegen  0.08/turn              y - ring of protection from fire

@: lethally poisoned (-4 -> -5)
A: retaliatory headbutt, horns 2
a: Berserk, Trog's Hand, Brothers in Arms, Burn Spellbooks, Renounce Religion


You were on level 1 of the Orcish Mines.
You worshipped Trog.
Trog was extremely pleased with you.
You were not hungry.

You visited 4 branches of the dungeon, and saw 15 of its levels.
You also visited: Ossuary.

You collected 1345 gold pieces.
You spent 42 gold pieces at shops.

Inventory:

Hand Weapons
 G - a +1 war axe
 J - the +7 demon trident of Suicidal Tendencies {elec, Int+2 Dex+2}
   (You found it on level 9 of the Dungeon)

   Occasionally, upon striking a foe, it will discharge some electrical energy
   and cause terrible harm.
   It affects your intelligence (+2).
   It affects your dexterity (+2).
 S - a +2 antimagic executioner's axe (weapon)
 T - a +4 battleaxe of freezing
 W - a +2 war axe of chopping
Missiles
 H - 2 javelins of returning (quivered)
 O - 84 bolts
Armour
 s - a +2 pair of boots (worn)
 x - a +0 pair of gloves of strength (worn)
 D - a +0 cloak (worn)
 N - a +0 plate armour (worn)
Jewellery
 a - a ring of poison resistance (left hand)
 v - an uncursed ring of flight
 w - an amulet of harm (around neck)
 y - a ring of protection from fire (right hand)
Wands
 A - a wand of flame (68)
 F - a wand of polymorph (17)
 I - a wand of random effects (22)
 K - a wand of paralysis (14)
 M - a wand of acid (6)
 R - a wand of enslavement (14)
Scrolls
 d - 17 scrolls of identify
 h - 3 scrolls of enchant weapon
 i - 8 scrolls of teleportation
 k - a scroll of blinking
 l - 4 scrolls of magic mapping
 o - 7 scrolls of remove curse
 p - 2 scrolls of amnesia {unknown}
 r - 3 scrolls of enchant armour {unknown}
 z - 5 scrolls of immolation {unknown}
 E - a scroll of fog {unknown}
 Q - a scroll of acquirement {unknown}
 U - a scroll of torment {unknown}
 V - 3 scrolls of noise {unknown}
Potions
 b - a potion of lignification {unknown}
 e - 2 potions of heal wounds
 f - a potion of might
 g - 6 potions of curing {unknown}
 m - 4 potions of ambrosia {unknown}
 q - 2 potions of mutation {unknown}
 t - a potion of cancellation {unknown}
 u - 2 potions of magic {unknown}
 B - 2 potions of brilliance {unknown}
 C - a potion of berserk rage {unknown}
 L - a potion of haste
Books
 n - a book of Callings

   Spells                             Type                      Level
   a - Summon Small Mammal            Summoning                    1
   b - Call Imp                       Summoning                    2
   c - Call Canine Familiar           Summoning                    3
   d - Summon Guardian Golem          Hexes/Summoning              3
   e - Summon Lightning Spire         Summoning/Air                4
   f - Summon Ice Beast               Ice/Summoning                4
   Trog disapproves of the use of such an item.
 P - the Almanac of Good Luck
   (You found it on level 8 of the Dungeon)

   Spells                             Type                      Level
   a - Swiftness                      Charms/Air                   2
   b - Shroud of Golubria             Charms/Translocation         2
   c - Ozocubu's Armour               Charms/Ice                   3
   d - Spectral Weapon                Hexes/Charms                 3
   Trog disapproves of the use of such an item.
Comestibles
 c - 21 rations


   Skills:
 + Level 13.2 Fighting
 * Level 17.0 Axes
 + Level 12.2 Armour
 + Level 7.4 Dodging


You had 11 spell levels left.
You didn't know any spells.

Dungeon Overview and Level Annotations

Branches:
Dungeon (11/15)            Temple (1/1) D:5            Lair (1/6) D:11
    Orc (2/2) D:11            Elf (0/3) Orc:2

Altars:
Ashenzari
Cheibriados
Dithmenos
Elyvilon
Fedhas
Gozag
Hepliaklqana
Kikubaaqudgha
Makhleb
Nemelex Xobeh
Okawaru
Qazlal
Ru
Sif Muna
Trog
Uskayaw
Vehumet
Wu Jian
Xom
Yredelemnul
Zin
The Shining One
Beogh

Shops:
D:7 *   D:8 [   D:11 *   Orc:2 =(%


Innate Abilities, Weirdness & Mutations

You reflexively headbutt those who attack you in melee.
You have a pair of horns on your head.


Message History

The orc knight completely misses you.
The orc warlord roars a battlecry!
You climb upwards.
There is a stone staircase leading down here.
You hit the orc knight but do no damage.
You headbutt the orc knight, but do no damage.
You slash the orc warrior!
The orc warrior hits you but does no damage.
The orc knight barely misses you.
You slash the orc knight! You headbutt the orc knight!!
The orc knight is severely wounded.
You hit the orc warrior.
You feel sick. The orc warrior barely misses you.
The orc knight hits you with a broad axe of distortion!!
You blink.
Unknown command.
The orc warrior hits you with a battleaxe.
The orc knight hits you with a broad axe of distortion!!
* * * LOW HITPOINT WARNING * * *
Space warps horribly around you!
You die...

##.####........#....##...#
#...##..............###..#
#...#..............#.##...
#.................#...##.#
##.................#.##...
###...#..............#...
##...#..............#..#
#.......#..........#...#
##.#...@o>[.......##..#.
##.....o...............
#................#...#.
#.........#...........#
##....................).
#....[[)................
#....[([..#...........(.
##..#.<.)#####........(..
#...##....# #.......#.(..


You could see an orc knight and an orc warrior.

Vanquished Creatures
  The ghost of Sagrath01 the Slicer, a journeyman TeBe of Trog (D:11)
  Erica (Orc:1)
  3 two-headed ogres
  An orc high priest (Orc:2)
  The ghost of HEYYEYAAE the Archer, a novice DEHu of Xom (D:11)
  3 orc sorcerers (Orc:2)
  3 cyclopes
  A centaur zombie (D:10)
  A spiny frog (Lair:1)
  4 trolls
  Prince Ribbit (D:5)
  4 hippogriffs
  2 dream sheep (D:8)
  19 yaks
  4 fire elementals (Orc:2)
  A vampire mosquito (D:8)
  2 hungry ghosts
  3 wargs
  Menkaure (D:5)
  3 hell hounds
  6 water moccasins
  3 porcupines (Lair:1)
  A swamp drake (D:11)
  5 ice beasts
  3 sky beasts
  2 phantoms
  5 black bears
  A necrophage (D:11)
  27 orc warriors
  5 centaurs
  15 ogres
  2 big kobolds (D:8)
  7 bullfrogs
  2 scorpions
  A wyvern skeleton (D:8)
  10 wights
  A howler monkey (D:4)
  4 crimson imps
  A quasit (D:5)
  22 orc priests
  7 hounds
  Crazy Yiuf (D:5)
  A jelly (D:7)
  2 bullfrog skeletons
  A centaur skeleton (D:7)
  28 orc wizards
  11 worker ants
  3 iguanas
  2 killer bee zombies
  3 mummies (Ossuary)
  A howler monkey zombie (D:8)
  Robin (D:2)
  9 gnolls
  19 adders
  4 shadow imps
  3 oozes
  2 adder skeletons
  4 adder zombies
  4 worms
  3 dart slugs
  9 leopard geckos
  89 orcs
  7 bats
  9 giant cockroaches
  13 goblins
  10 hobgoblins
  12 jackals
  7 kobolds
  8 quokkas
  2 ball pythons
  6 frilled lizards
  A giant cockroach zombie (D:6)
  2 gnoll zombies (Ossuary)
  4 goblin zombies (Ossuary)
  3 hobgoblin zombies (Ossuary)
  A kobold zombie (Ossuary)
  3 leopard gecko skeletons
  5 quokka zombies
  9 rats
  A rat zombie (Ossuary)
492 creatures vanquished.

Vanquished Creatures (collateral kills)
  Azrael (Orc:2)
  A hydra (D:8)
  A fire elemental (Orc:2)
  A big kobold (D:8)
  A jelly (D:8)
5 creatures vanquished.

Vanquished Creatures (others)
  A fungus (Lair:1)
1 creature vanquished.

Grand Total: 498 creatures vanquished

Notes
Turn   | Place    | Note
-------+----------+-------------------------------------------
     0 | D:1      | pk666 the Minotaur Berserker began the quest for the Orb.
     0 | D:1      | Reached XP level 1. HP: 19/19 MP: 0/0
   144 | D:1      | Reached skill level 4 in Axes
   184 | D:1      | Reached XP level 2. HP: 23/27 MP: 1/1
   564 | D:2      | Reached ** piety under Trog
   566 | D:2      | Reached XP level 3. HP: 33/34 MP: 2/2
   694 | D:2      | Found an opulent altar of Gozag.
   729 | D:2      | Reached XP level 4. HP: 20/41 MP: 3/3
   751 | D:2      | Reached skill level 5 in Axes
   881 | D:2      | Noticed Robin
   888 | D:2      | Reached skill level 5 in Fighting
   891 | D:2      | Killed Robin
  1837 | D:2      | Found an ancient bone altar of Kikubaaqudgha.
  1934 | D:3      | Reached XP level 5. HP: 48/48 MP: 4/4
  1986 | D:3      | Reached skill level 6 in Axes
  2036 | D:3      | Reached *** piety under Trog
  2068 | D:3      | Reached XP level 6. HP: 47/57 MP: 5/5
  2658 | D:4      | Reached skill level 7 in Axes
  2794 | D:4      | Reached **** piety under Trog
  2882 | D:4      | Reached XP level 7. HP: 60/64 MP: 6/6
  3149 | D:4      | Found a sparkling altar of Nemelex Xobeh.
  3168 | D:4      | Reached skill level 8 in Axes
  3713 | D:5      | Entered Level 5 of the Dungeon
  3784 | D:5      | Reached XP level 8. HP: 73/73 MP: 7/7
  3872 | D:5      | Reached skill level 5 in Armour
  3913 | D:5      | Noticed Prince Ribbit
  3926 | D:5      | Killed Prince Ribbit
  3926 | D:5      | Reached skill level 9 in Axes
  4211 | D:5      | Found a snail-covered altar of Cheibriados.
  4383 | D:5      | Found an ornate altar of the Wu Jian Council.
  4417 | D:5      | Found a staircase to the Ecumenical Temple.
  4466 | Temple   | Entered the Ecumenical Temple
  4522 | D:5      | Noticed Menkaure
  4531 | D:5      | Killed Menkaure
  4773 | D:5      | Found a runed door.
  4885 | D:5      | Noticed Crazy Yiuf
  4887 | D:5      | Killed Crazy Yiuf
  4955 | D:6      | Reached skill level 10 in Axes
  5390 | D:6      | Found a shattered altar of Ashenzari.
  5551 | D:6      | Reached XP level 9. HP: 82/82 MP: 8/8
  5564 | D:6      | Found a glowing silver altar of Zin.
  5779 | D:6      | Received a gift from Trog
  5792 | D:6      | Reached ***** piety under Trog
  6006 | D:7      | Reached skill level 11 in Axes
  6082 | D:7      | Found Oreodip's General Store.
  6096 | D:7      | Bought a scroll of magic mapping for 42 gold pieces
  6286 | D:7      | Found a hide-covered altar of Uskayaw.
  6350 | D:7      | Found a sand-covered staircase.
  6359 | Ossuary  | Entered an ossuary
  6742 | D:7      | Found a radiant altar of Vehumet.
  6743 | D:7      | Found a burning altar of Makhleb.
  6994 | D:8      | Found Qunois's Armour Boutique.
  7032 | D:8      | Found a runed door.
  7066 | D:8      | Reached skill level 12 in Axes
  7164 | D:8      | Received a gift from Trog
  7380 | D:8      | Reached skill level 10 in Fighting
  7380 | D:8      | Reached XP level 10. HP: 93/93 MP: 9/9
  7418 | D:8      | Noticed a three-headed hydra
  7422 | D:8      | Killed a three-headed hydra
  7471 | D:8      | Found a runed door.
  7487 | D:8      | Reached skill level 13 in Axes
  7657 | D:8      | Noticed a cyclops
  7673 | D:8      | Killed a cyclops
  7702 | D:8      | Noticed a two-headed ogre
  7714 | D:8      | Killed a two-headed ogre
  7899 | D:8      | Noticed a two-headed ogre
  7908 | D:8      | Killed a two-headed ogre
  7908 | D:8      | Reached skill level 14 in Axes
  8101 | D:8      | Identified the Almanac of Good Luck
  8701 | D:9      | Got a crystal demon trident
  8702 | D:9      | Identified the +7 demon trident of Suicidal Tendencies {elec, Int+2 Dex+2} (You found it on level 9 of the Dungeon)
  8709 | D:9      | Reached XP level 11. HP: 94/102 MP: 10/10
  8746 | D:9      | Reached skill level 10 in Armour
  9039 | D:9      | Found a sacrificial altar of Ru.
  9136 | D:9      | Received a gift from Trog
  9361 | D:9      | Noticed a two-headed ogre
  9364 | D:9      | Killed a two-headed ogre
  9476 | D:9      | Found a shimmering altar of Xom.
  9478 | D:9      | Found a bloodstained altar of Trog.
  9478 | D:9      | Found a glowing golden altar of the Shining One.
  9510 | D:9      | Found an iron altar of Okawaru.
  9510 | D:9      | Found a stormy altar of Qazlal.
  9510 | D:9      | Found a shattered altar of Ashenzari.
  9589 | D:10     | Entered Level 10 of the Dungeon
 10446 | D:11     | Found a staircase to the Lair.
 10473 | D:11     | Paralysed by fainting for 5 turns
 10493 | D:11     | Paralysed by fainting for 8 turns
 10507 | D:11     | Paralysed by fainting for 6 turns
 10551 | D:11     | Reached skill level 15 in Axes
 10764 | D:11     | Noticed Sagrath01's ghost (journeyman TeBe)
 10770 | D:11     | Noticed HEYYEYAAE's ghost (novice DEHu)
 10773 | D:11     | Killed Sagrath01's ghost
 11005 | D:11     | Found Tunyxain's Assorted Antiques.
 11296 | D:11     | Reached skill level 5 in Dodging
 11324 | D:11     | Found a staircase to the Orcish Mines.
 11502 | D:11     | Killed HEYYEYAAE's ghost
 11769 | D:11     | Reached XP level 12. HP: 44/111 MP: 3/11
 12256 | Lair:1   | Entered Level 1 of the Lair of Beasts
 12799 | Orc:1    | Entered Level 1 of the Orcish Mines
 12805 | Orc:1    | Reached skill level 16 in Axes
 12811 | Orc:1    | Received a gift from Trog
 12864 | Orc:1    | Noticed Erica
 13000 | Orc:1    | Killed Erica
 13155 | Orc:2    | Entered Level 2 of the Orcish Mines
 13155 | Orc:2    | Noticed an orc high priest
 13169 | Orc:2    | Killed an orc high priest
 13542 | Orc:2    | Found Jual's Jewellery Boutique.
 13547 | Orc:2    | Found a roughly hewn altar of Beogh.
 13682 | Orc:2    | Paralysed by an orc sorcerer for 6 turns
 13706 | Orc:2    | Noticed Azrael
 13713 | Orc:2    | Killed Azrael
 14301 | Orc:2    | Found a staircase to the Elven Halls.
 14336 | Orc:2    | Found a roughly hewn altar of Beogh.
 14554 | Orc:2    | Found a roughly hewn altar of Beogh.
 14982 | Orc:2    | Found a roughly hewn altar of Beogh.
 14993 | Orc:2    | Found Muvar's Food Shop.
 15129 | Orc:2    | Found a roughly hewn altar of Beogh.
 15130 | Orc:2    | Found Kezin's Weapon Emporium.
 15131 | Orc:2    | Received a gift from Trog
 15251 | Orc:2    | Reached skill level 17 in Axes
 15259 | Orc:2    | Noticed an orc warlord
 15263 | Orc:2    | Noticed an orc high priest
 15294 | Orc:1    | Slain by an orc knight

Skill      XL: |  1  2  3  4  5  6  7  8  9 10 11 12 |
---------------+-------------------------------------+-----
Fighting       | 4 5 6 7 8 10 11 12 13 | 13.2
Axes           | 4 5 6 7 8 10 12 14 15 17 | 17.0
Armour         | 3 4 6 8 9 11 12 | 12.2
Dodging        | 5 7 |  7.4

Action                   |  1- 3 |  4- 6 |  7- 9 | 10-12 || total
-------------------------+-------+-------+-------+-------++-------
Melee: Hand axe          |    65 |   210 |   153 |       ||   428
       Headbutt          |    11 |    42 |    55 |    92 ||   200
       War axe           |       |       |   139 |   144 ||   283
       Executioner's axe |       |       |       |   347 ||   347
Throw: Javelin           |       |       |    35 |     2 ||    37
Invok: Berserk           |       |     1 |     2 |     6 ||     9
       Brothers in Arms  |       |       |       |     2 ||     2
  Use: Scroll            |     1 |     1 |     2 |     6 ||    10
       Potion            |       |       |       |     3 ||     3
  Eat: Chunk             |       |     7 |    20 |    31 ||    58
       Ration            |       |       |       |     1 ||     1
Armor: Animal skin       |    16 |     8 |       |       ||    24
       Scale mail        |       |    54 |    50 |       ||   104
       Chain mail        |       |       |    49 |       ||    49
       Plate armour      |       |       |    38 |   348 ||   386
Dodge: Dodged            |    37 |   116 |   106 |   255 ||   514
